 Dungeon Crawl Stone Soup version 0.17-a0-1927-g319369b (webtiles) character file.

13536 Kuldar the Eclecticist (level 11, -15/50 HPs)
             Began as a Deep Elf Wizard on Sept 29, 2015.
             Was an Elder of Vehumet.
             Demolished by a skeletal warrior
             ... wielding a +0 glaive
              (32 damage)
             ... on level 10 of the Dungeon.
             The game lasted 01:35:14 (14227 turns).

Kuldar the Eclecticist (Deep Elf Wizard)           Turns: 14227, Time: 01:35:14

Health: -15/50     AC:  9    Str:  8    XL:     11   Next: 76%
Magic:  1/33       EV: 16    Int: 27    God:    Vehumet [****..]
Gold:   619        SH:  0    Dex: 19    Spells: 8 memorised, 17 levels left

rFire  . . .     SeeInvis +     y - +2 dagger (speed)
rCold  . . .     Rnd*Rage +     l - +2 robe of the Barracuda {Str+4}
rNeg   . . .     SustAt   .     (no shield)
rPois  +         Gourm    .     b - +0 hat
rElec  .         Spirit   .     (no cloak)
rCorr  .         Warding  .     e - +2 pair of fencer's gloves {LBl+4 SBl+4 EV+3 Dex+6}
rMut   .         Stasis   .     (no boots)
MR     +....                    (no amulet)
Stlth  ++........               u - ring of flight
                                R - ring of poison resistance

@: somewhat resistant to hostile enchantments, unstealthy
A: talons 2, molten scales 1, rugged brown scales 1, see invisible, berserk 1,
deformed body, frail 1, shaggy fur 1, slow healing 1
a: Renounce Religion, Evoke Flight


You were on level 10 of the Dungeon.
You worshipped Vehumet.
Vehumet was greatly pleased with you.
You were not hungry.

You visited 2 branches of the dungeon, and saw 12 of its levels.

You collected 619 gold pieces.

Inventory:

Hand weapons
 y - a +2 dagger of speed (weapon)
Armour
 b - a +0 hat (worn)
 e - the +2 pair of fencer's gloves (worn) {LBl+4 SBl+4 EV+3 Dex+6}
   (You found it on level 8 of the Dungeon)

   It affects your evasion (+3).
   It affects your dexterity (+6).
 l - the +2 robe of the Barracuda (worn) {Str+4}
   (You found it on level 9 of the Dungeon)

   It affects your strength (+4).
 A - a +1 robe of fire resistance
Jewellery
 u - a ring of flight (right hand)
 R - a ring of poison resistance (left hand)
 V - a +1 ring of protection
 Z - an uncursed ring of stealth
Magical devices
 a - a wand of polymorph (9)
 q - a wand of fireball (0)
 C - a wand of cold (0)
 D - a wand of frost (20)
 H - a wand of draining (8)
Scrolls
 h - 5 scrolls of magic mapping
 j - 4 scrolls of identify
 o - a scroll of holy word {unknown}
 r - a scroll of teleportation
 w - 4 scrolls of remove curse
 F - a scroll of fog
 O - a scroll of recharging
 W - a scroll of torment
Potions
 g - 5 potions of curing
 k - a potion of flight {unknown}
 m - a potion of haste {unknown}
 n - 2 potions of mutation {unknown}
 t - a potion of cancellation {unknown}
 v - 2 potions of invisibility {unknown}
 z - 2 potions of agility {unknown}
 J - a potion of lignification {unknown}
 K - a potion of cure mutation {unknown}
 Q - a potion of brilliance {unknown}
 S - 2 potions of poison {unknown}
 T - 2 potions of degeneration {unknown}
 X - 3 potions of heal wounds
 Y - a potion of berserk rage {unknown}
Books
 c - a book of Minor Magic

   Spells                             Type                      Level
   a - Magic Dart                     Conjuration                  1
   b - Blink                          Translocation                2
   c - Call Imp                       Summoning                    2
   d - Repel Missiles                 Charms/Air                   2
   e - Slow                           Hexes                        2
   f - Conjure Flame                  Conjuration/Fire             3
   g - Mephitic Cloud                 Conjuration/Poison/Air       3
 p - a book of Annihilations

   Spells                             Type                      Level
   a - Poison Arrow                   Conjuration/Poison           6
   b - Chain Lightning                Conjuration/Air              8
   c - Lehudib's Crystal Spear        Conjuration/Earth            8
   d - Glaciate                       Conjuration/Ice              9
   e - Fire Storm                     Conjuration/Fire             9
 s - a book of Callings

   Spells                             Type                      Level
   a - Summon Small Mammal            Summoning                    1
   b - Call Imp                       Summoning                    2
   c - Call Canine Familiar           Summoning                    3
   d - Summon Guardian Golem          Hexes/Summoning              3
   e - Summon Lightning Spire         Summoning/Air                4
   f - Summon Ice Beast               Ice/Summoning                4
 B - a book of Dreams

   Spells                             Type                      Level
   a - Ensorcelled Hibernation        Hexes/Ice                    2
   b - Phase Shift                    Translocation                5
   c - Shadow Creatures               Summoning                    5
   d - Silence                        Hexes/Air                    5
   e - Darkness                       Hexes                        6
   f - Mass Confusion                 Hexes                        6
 I - a Grand Grimoire

   Spells                             Type                      Level
   a - Monstrous Menagerie            Summoning                    6
   b - Summon Greater Demon           Summoning                    7
   c - Malign Gateway                 Summoning/Translocation      7
   d - Summon Horrible Things         Summoning                    8
 L - a book of Air

   Spells                             Type                      Level
   a - Shock                          Conjuration/Air              1
   b - Swiftness                      Charms/Air                   2
   c - Repel Missiles                 Charms/Air                   2
   d - Static Discharge               Conjuration/Air              3
   e - Lightning Bolt                 Conjuration/Air              5
 M - a book of Conjurations

   Spells                             Type                      Level
   a - Magic Dart                     Conjuration                  1
   b - Searing Ray                    Conjuration                  2
   c - Dazzling Spray                 Conjuration/Hexes            3
   d - Fulminant Prism                Conjuration/Hexes            4
   e - Iskenderun's Mystic Blast      Conjuration                  4
   f - Iskenderun's Battlesphere      Conjuration/Charms           5
Comestibles
 d - 10 bread rations
 f - 8 beef jerkies
 i - 4 meat rations
 x - a chunk of flesh
 N - 7 slices of pizza
 P - 13 fruits


   Skills:
 - Level 2.4 Dodging
 - Level 2.4 Stealth
 * Level 16.1 Spellcasting
 * Level 13.1 Conjurations
 - Level 6.0 Charms
 * Level 4.8 Summonings
 - Level 3.0 Translocations
 * Level 1.9 Evocations


You had 17 spell levels left.
You knew the following spells:

 Your Spells              Type           Power        Failure   Level  Hunger
a - Magic Dart            Conj           ####         0%          1    None
b - Blink                 Tloc           N/A          1%          2    None
c - Iskenderun's Battles  Conj/Chrm      ######..     1%          5    None
d - Repel Missiles        Chrm/Air       #####.       1%          2    None
e - Conjure Flame         Conj/Fire      ######..     1%          3    None
f - Iskenderun's Mystic   Conj           #######.     1%          4    None
g - Shadow Creatures      Summ           N/A          12%         5    None
h - Mephitic Cloud        Conj/Pois/Air  #####...     1%          3    None


Dungeon Overview and Level Annotations

Branches:
Dungeon (11/15)            Temple (1/1) D:7            Lair (0/8) D:11
    Orc: D:9-12

Altars:
Cheibriados
Dithmenos
Elyvilon
Fedhas
Kikubaaqudgha
Makhleb
Nemelex Xobeh
Okawaru
Qazlal
Ru
Trog
Vehumet
Xom
Yredelemnul
Zin

Shops:
D:6 [(   D:9 =

Annotations:
D:5 Lysie's ghost, experienced MiFi
D:8 profreshinal's ghost, experienced OgAs


Innate Abilities, Weirdness & Mutations

You have razor-sharp toenails.
You are partially covered in molten scales (AC +1).
You are partially covered in rugged brown scales (AC +1, +3% HP).
You have supernaturally acute eyesight.
You tend to lose your temper in combat.
Armour fits poorly on your strangely shaped body.
You are frail (-10% HP).
You are covered in fur (AC +1).
You heal slowly when monsters are visible.


Message History

Zapping:
C - a wand of cold {zapped: 5} (will waste charges)
Press: ? - help, Shift-Dir - straight line, f/p - skeletal warrior
Aim: a skeletal warrior, wielding a glaive (almost destroyed) Nothing appears to happen.
The skeletal warrior hits you with a battleaxe.
* * * LOW HITPOINT WARNING * * *
Unknown command.
Evoke which item? (* to show all) (? for menu, Esc to quit)
Okay, then.
Drink which item? (? for menu, Esc to quit)
You feel much better.
The skeletal warrior hits you from afar with a glaive!!
The skeletal warrior barely misses you.
Casting: Iskenderun's Mystic Blast
Confirm with . or Enter, or press ? or * to list all spells.
You blink.
The skeletal warrior hits you with a glaive.
The skeletal warrior hits you from afar with a glaive!!
Ouch! That really hurt!
You die...

####≈≈.........≈≈#...#
#≈≈≈.......≈≈≈#...#
#≈≈≈≈.....≈≈≈≈#...#
#≈≈≈≈≈≈.≈≈≈≈≈≈#...#
#######'#######...#
.......'.###>.....#
.......#......zz..#
########..........#
#.#...@....#
#.#........#
#.#........#
#.#........#
#.#........#
######..........#
................#
.............$..#
................#


You could see 2 skeletal warriors.

Vanquished Creatures
  The ghost of profreshinal the Bludgeoner, an experienced OgAs of Qazlal (D:10)
  A skeletal warrior (D:10)
  Pikel (D:4)
  An unseen horror (D:10)
  2 ugly things (D:11)
  Maurice (D:11)
  A gargoyle (D:10)
  2 kobold demonologists (D:11)
  A troll (D:10)
  A slime creature (D:6)
  Grinder (D:5)
  A two-headed ogre (D:9)
  2 deep elf magi
  4 hippogriffs
  6 yaks
  4 fire bats (D:9)
  A human (D:7)
  A hell hound (D:9)
  Edmund (D:6)
  2 orc warriors
  A soldier ant (D:7)
  3 phantoms
  4 ogres
  A black bear (D:11)
  A necrophage (D:8)
  4 sky beasts
  A crocodile (D:9)
  An ice beast (D:9)
  4 centaurs
  A big kobold (D:11)
  9 giant frogs
  A water moccasin zombie (D:8)
  7 scorpions
  Dowan (D:4)
  15 wights
  A quasit (D:6)
  4 electric eels
  5 crimson imps
  2 lava snakes (D:9)
  4 orc priests
  3 centaur skeletons
  3 iguanas
  13 jellies
  8 orc wizards
  5 giant frog skeletons
  6 hounds
  3 worker ants
  4 sheep (D:7)
  A hound skeleton (D:9)
  A worker ant zombie (D:6)
  10 adders
  7 gnolls (D:3)
  2 shadow imps
  15 oozes
  An adder zombie (D:8)
  4 adder skeletons
  A worm (D:3)
  35 orcs
  10 hobgoblins
  11 jackals
  6 kobolds
  3 quokkas
  8 bats
  4 giant cockroaches
  A giant cockroach zombie (D:5)
  7 giant geckos
  4 giant newts
  7 goblins
  2 quokka skeletons
  6 rats
  A fire vortex (D:9)
297 creatures vanquished.

Vanquished Creatures (others)
  Duvessa (D:4)
  A giant gecko (D:7)
  An orc (D:4)
  4 fungi (D:6)
7 creatures vanquished.

Grand Total: 304 creatures vanquished

Notes
Turn   | Place    | Note
--------------------------------------------------------------
     0 | D:1      | Kuldar the Deep Elf Wizard began the quest for the Orb.
     0 | D:1      | Reached XP level 1. HP: 10/10 MP: 7/7
   381 | D:1      | Reached XP level 2. HP: 15/15 MP: 6/9
   385 | D:1      | Learned a level 2 spell: Blink
   388 | D:1      | Learned a level 2 spell: Call Imp
   391 | D:1      | Learned a level 2 spell: Repel Missiles
  1267 | D:1      | Reached XP level 3. HP: 19/19 MP: 8/10
  1272 | D:1      | Learned a level 3 spell: Conjure Flame
  1563 | D:2      | Reached skill level 5 in Spellcasting
  1673 | D:2      | Found an iron altar of Okawaru.
  1993 | D:3      | Reached XP level 4. HP: 20/24 MP: 10/13
  2318 | D:3      | Reached skill level 6 in Spellcasting
  2427 | D:3      | Learned a level 3 spell: Mephitic Cloud
  2733 | D:3      | Reached XP level 5. HP: 8/28 MP: 5/16
  2975 | D:3      | Reached skill level 7 in Spellcasting
  3128 | D:3      | Found a faded altar to an unknown god.
  3514 | D:4      | Noticed Dowan
  3667 | D:4      | Noticed a slave
  3667 | D:4      | Noticed a slave
  3752 | D:4      | Reached XP level 6. HP: 22/32 MP: 5/18
  3867 | D:4      | Noticed Pikel
  3868 | D:4      | Noticed a slave
  3886 | D:4      | Noticed a slave
  4059 | D:4      | Killed Pikel
  4059 | D:4      | Reached skill level 9 in Spellcasting
  4059 | D:4      | Reached skill level 5 in Conjurations
  4059 | D:4      | Reached XP level 7. HP: 36/36 MP: 11/21
  4432 | D:4      | Noticed Duvessa
  4455 | D:4      | Killed Dowan
  4528 | D:4      | Killed Duvessa
  4750 | D:3      | Found a shimmering altar of Xom.
  4924 | D:5      | Entered Level 5 of the Dungeon
  4947 | D:5      | Noticed Lysie's ghost (experienced MiFi)
  5469 | D:5      | Reached XP level 8. HP: 41/41 MP: 18/23
  5577 | D:5      | Noticed Grinder
  5607 | D:5      | Paralysed by Grinder for 5 turns
  5616 | D:5      | Killed Grinder
  5616 | D:5      | Reached skill level 10 in Spellcasting
  5746 | D:5      | Found a burning altar of Makhleb.
  6329 | D:6      | Noticed a slime creature
  6335 | D:6      | Noticed Edmund
  6353 | D:6      | Reached skill level 11 in Spellcasting
  6648 | D:6      | Found Osynov's Armour Shoppe.
  6762 | D:6      | Found Kiufapar's Antique Weapon Shop.
  6829 | D:6      | Killed Edmund
  7069 | D:6      | Killed a slime creature
  7069 | D:6      | Reached XP level 9. HP: 45/45 MP: 6/26
  7220 | D:6      | Reached skill level 12 in Spellcasting
  7849 | D:7      | Found a staircase to the Ecumenical Temple.
  7858 | Temple   | Entered the Ecumenical Temple
  7869 | Temple   | Became a worshipper of Vehumet
  7934 | D:7      | Gained mutation: You are robust (+10% HP). [mutagenic meat]
  7935 | D:7      | Gained mutation: Your magical capacity is low (-10% MP). [mutagenic meat]
  7936 | D:7      | Gained mutation: You are covered in fur (AC +1). [mutagenic meat]
  7938 | D:7      | Gained mutation: Your mind is acute. (Int +2) [mutagenic meat]
  7939 | D:7      | Gained mutation: Armour fits poorly on your strangely shaped body. [mutagenic meat]
  8409 | D:7      | Reached skill level 10 in Conjurations
  8537 | D:7      | Reached skill level 1 in Charms
  9174 | D:8      | Reached skill level 13 in Spellcasting
  9279 | D:8      | Acquired Vehumet's first power
  9279 | D:8      | Offered knowledge of Sandblast by Vehumet.
  9285 | D:8      | Learned a level 4 spell: Iskenderun's Mystic Blast
  9291 | D:8      | Learned a level 5 spell: Iskenderun's Battlesphere
  9611 | D:8      | Found a stormy altar of Qazlal.
  9724 | D:8      | Noticed profreshinal's ghost (experienced OgAs)
  9940 | D:8      | Reached XP level 10. HP: 55/55 MP: 6/26
 10248 | D:9      | Reached skill level 5 in Charms
 10431 | D:9      | Offered knowledge of Flame Tongue by Vehumet.
 10778 | D:9      | Reached skill level 14 in Spellcasting
 10866 | D:9      | Lost mutation: Your mind is acute. (Int +2) [mutagenic meat]
 10867 | D:9      | Gained mutation: You tend to lose your temper in combat. [mutagenic meat]
 11004 | D:9      | Got an ichor-stained robe
 11032 | D:9      | Identified the +2 robe of the Barracuda {Str+4} (You found it on level 9 of the Dungeon)
 11242 | D:9      | Gained mutation: You heal slowly when monsters are visible. [mutagenic meat]
 11243 | D:9      | Gained mutation: You have sharp toenails. [mutagenic meat]
 11244 | D:9      | Lost mutation: Your magical capacity is low (-10% MP). [mutagenic meat]
 11245 | D:9      | Gained mutation: You are partially covered in rugged brown scales (AC +1, +3% HP). [mutagenic meat]
 11246 | D:9      | Lost mutation: You tend to lose your temper in combat. [mutagenic meat]
 11495 | D:9      | Found a bloodstained altar of Trog.
 11513 | D:9      | Found Asme's Jewellery Shoppe.
 11715 | D:10     | Entered Level 10 of the Dungeon
 11732 | D:10     | Noticed a skeletal warrior
 11732 | D:10     | Noticed a skeletal warrior
 11733 | D:10     | Noticed a skeletal warrior
 11735 | D:10     | Noticed a skeletal warrior
 11737 | D:10     | Noticed a skeletal warrior
 11742 | D:10     | Killed a skeletal warrior
 11800 | D:9      | Offered knowledge of Ignite Poison by Vehumet.
 12141 | D:10     | Reached XP level 11. HP: 39/61 MP: 10/31
 12144 | D:10     | Reached skill level 15 in Spellcasting
 12270 | D:10     | Acquired Vehumet's second power
 12671 | D:10     | Killed profreshinal's ghost
 12972 | D:10     | Offered knowledge of Force Lance by Vehumet.
 12983 | D:10     | Learned a level 5 spell: Shadow Creatures
 13261 | D:11     | Noticed Maurice
 13276 | D:10     | Noticed a hill giant
 13468 | D:11     | Gained mutation: You have razor-sharp toenails. [mutagenic meat]
 13469 | D:11     | Lost mutation: You are robust (+10% HP). [mutagenic meat]
 13472 | D:11     | Gained mutation: You tend to lose your temper in combat. [mutagenic meat]
 13473 | D:11     | Gained mutation: You are partially covered in molten scales (AC +1). [mutagenic meat]
 13514 | D:11     | Killed Maurice
 13825 | D:11     | Acquired Vehumet's third power
 13831 | D:11     | Reached skill level 16 in Spellcasting
 13833 | D:11     | Noticed a white ugly thing
 13844 | D:11     | Found a staircase to the Lair.
 13857 | D:11     | Gained mutation: You have supernaturally acute eyesight. [mutagenic meat]
 14026 | D:11     | Killed a white ugly thing
 14026 | D:11     | Reached skill level 1 in Evocations
 14051 | D:11     | Offered knowledge of Bolt of Draining by Vehumet.
 14056 | D:11     | Gained mutation: You are frail (-10% HP). [mutagenic meat]
 14207 | D:10     | Noticed an unseen horror
 14209 | D:10     | Killed an unseen horror
 14227 | D:10     | Demolished by a skeletal warrior

Vault maps used:
D:1:      lemuel_arrival_rhombus
D:2:      nicolae_overflow_crystal_walls, first_bread,
          roderic_cross_of_infinity, minmay_misc_feat_chi
D:3:      lemuel_upstairs_altar, ecumenical_altar_2
D:4:      uniq_duvessa, uniq_pikel
D:5:      nicolae_overflow_hidden_temple, kennysheep_crisscross, uniq_grinder
D:6:      lemuel_slime, serial_shops, nicolae_shop_stone, shop,
          serial_bayou_lake_a, uniq_edmund
D:7:      lemuel_temple_firewalk_marked, grunt_livestock
D:8:      nicolae_lava_and_water, grunt_qazlal_sundering
D:9:      kennysheep_mini, serial_shops, shop, hangedman_incinerator
D:10:     kennysheep_six_static_rooms, orc_0_dummy, kennysheep_generic_room_2
D:11:     lair_0_dummy, minmay_strange_pillars, corexii_corridor_pit,
          spider_trap, uniq_maurice
Temple:   lightli_temple_of_artemis

Action                   |  1- 3 |  4- 6 |  7- 9 | 10-12 || total
-------------------------+-------+-------+-------+-------++-------
Melee: Short sword       |       |       |     4 |     1 ||     5
       Flail             |       |       |     1 |       ||     1
 Fire: Shortbow          |       |       |     4 |     2 ||     6
Throw: Throwing net      |       |       |     1 |     1 ||     2
 Cast: Magic Dart        |    99 |   101 |   444 |    75 ||   719
       Repel Missiles    |     1 |       |     1 |       ||     2
       Mephitic Cloud    |       |    10 |    13 |     3 ||    26
       Conjure Flame     |       |     9 |    34 |     9 ||    52
       Blink             |       |     2 |    12 |     4 ||    18
       Call Imp          |       |       |    10 |       ||    10
       Iskenderun's Myst |       |       |    16 |   187 ||   203
       Iskenderun's Batt |       |       |     1 |     3 ||     4
 Abil: Evoke Flight      |       |       |       |     2 ||     2
Evoke: Wand              |       |       |     2 |     8 ||    10
  Use: Potion            |       |       |     1 |     1 ||     2
       Scroll            |       |       |    11 |     2 ||    13
 Stab: Confused          |       |       |     1 |       ||     1
  Eat: Chunk             |     3 |     5 |    21 |    32 ||    61
       Pizza             |       |       |     2 |       ||     2
       Fruit             |       |       |     1 |       ||     1
